 Dungeon Crawl Stone Soup version 0.24.0 (webtiles) character file.

Game seed: 2548223686060380208, levelgen mode: deterministic

149 Ayyar the Poker (level 5, -5/40 HPs)
             Began as a Demonspawn Gladiator on May 1, 2020.
             Slain by Terence
             ... wielding a +4 trident of flaming
              (9 damage)
             ... on level 3 of the Dungeon.
             The game lasted 00:07:59 (2617 turns).

Ayyar the Poker (Demonspawn Gladiator)              Turns: 2617, Time: 00:07:59

Health: -5/40      AC:  7    Str: 15    XL:     5   Next: 9%
Magic:  5/5        EV:  7    Int:  9    God:
Gold:   67         SH:  0    Dex: 15    Spells: 4/4 levels left

rFire    . . .     SeeInvis .   a - +0 trident
rCold    . . .     Gourm    .   (no shield)
rNeg     . . .     Faith    .   q - -2 chain mail
rPois    .         Spirit   .   (helmet restricted)
rElec    .         Reflect  .   (no cloak)
rCorr    .         Harm     .   (no gloves)
MR       .....                  r - +0 pair of boots
Stlth    ..........             (no amulet)
HPRegen  0.13/turn              (no ring)
MPRegen  0.09/turn              (no ring)

@: no status effects
A: antennae 1, nightstalker 1
a: no special abilities


You were on level 3 of the Dungeon.
You were not hungry.

You visited 1 branch of the dungeon, and saw 3 of its levels.

You collected 67 gold pieces.

Inventory:

Hand Weapons
 a - a +0 trident (weapon)
Missiles
 d - 3 throwing nets
 k - 7 poisoned darts (quivered)
 l - 7 atropa-tipped darts
Armour
 q - a -2 chain mail (worn)
 r - a +0 pair of boots (worn)
Jewellery
 e - an uncursed ring of positive energy {unknown}
 j - an uncursed ring of protection from magic {unknown}
 o - an uncursed amulet of faith
Scrolls
 b - 2 scrolls of magic mapping {unknown}
 c - 4 scrolls of teleportation
 g - a scroll of immolation {unknown}
 i - a scroll of blinking {unknown}
 n - 3 scrolls of identify
 s - a scroll of fear {unknown}
 t - a scroll of enchant weapon {unknown}
 v - a scroll of remove curse
 w - a scroll of noise {unknown}
 x - a scroll of fog {unknown}
 y - a scroll of enchant armour {unknown}
Potions
 h - a potion of haste {unknown}
 m - a potion of invisibility {unknown}
 p - a potion of brilliance {unknown}
 u - a potion of lignification
Comestibles
 f - 6 rations
 z - 11 chunks of flesh


   Skills:
 + Level 2.9 Fighting
 * Level 3.8 Polearms
 + Level 2.7 Throwing
 + Level 3.3 Dodging


You had 4 spell levels left.
You didn't know any spells.
Your spell library was empty.

Dungeon Overview and Level Annotations

Branches:
Dungeon (3/15)

Altars:

Annotations:
D:3 Terence


Innate Abilities, Weirdness & Mutations

You have a pair of small antennae on your head.
You are slightly more attuned to the shadows.


Message History

You reach to attack!
You closely miss Terence.
Terence is heavily wounded.
Terence hits you from afar with a +4 trident of flaming.
Terence burns you.
Attack whom?
Press: ? - help, Dir - move target cursor, f/p - Terence
Aim: Terence, wielding a +4 trident of flaming and wearing a +0 chain mail (heavily wounded)
You reach to attack!
You hit Terence.
Terence is almost dead.
Terence hits you from afar with a +4 trident of flaming!
* * * LOW HITPOINT WARNING * * *
Terence burns you.
* * * LOW HITPOINT WARNING * * *
Attack whom?
Press: ? - help, Dir - move target cursor, f/p - Terence
Aim: Terence, wielding a +4 trident of flaming and wearing a +0 chain mail (almost dead)
You reach to attack!
You closely miss Terence.
Terence is almost dead.
Terence hits you from afar with a +4 trident of flaming!
You die...

##### #########
########...# #........
#..........# #.#######
##.#.#####..# #.# #
#..#.#...#..### #.# #
#[.#.#.#@#....# #.# #
#..#.#.#.#....# #.# #
###..#...#@#....# #[# #
..#####....#####o#....#
#.##### #
.................#....#
#.....# #
#.#####....#####.#....#
#####.### #....#
#.#....# #.##.
#.#####....#
#....#######.##.
......'....#
#..<........>##.


You could see Terence and an orc.

Vanquished Creatures
  A crimson imp (D:2)
  Jessica (D:2)
  3 adders
  3 worms
  2 leopard geckos
  An orc (D:3)
  A ball python (D:3)
  5 giant cockroaches
  5 goblins
  8 hobgoblins
  5 jackals (D:2)
  A quokka (D:2)
  7 bats
  4 frilled lizards
  4 kobolds (D:2)
  A rat (D:1)
52 creatures vanquished.

Notes
Turn   | Place    | Note
-------+----------+-------------------------------------------
     0 | D:1      | Ayyar the Demonspawn Gladiator began the quest for the Orb.
     0 | D:1      | Reached XP level 1. HP: 16/16 MP: 1/1
   240 | D:1      | Gained mutation: You have a pair of small antennae on your
                  | head. [demonic ancestry]
   240 | D:1      | Reached XP level 2. HP: 22/22 MP: 2/2
  1343 | D:2      | Reached XP level 3. HP: 24/28 MP: 3/3
  1549 | D:2      | Noticed Jessica
  1562 | D:2      | Killed Jessica
  1562 | D:2      | Gained mutation: You are slightly more attuned to the
                  | shadows. [demonic ancestry]
  1562 | D:2      | Reached XP level 4. HP: 26/34 MP: 4/4
  2453 | D:3      | Reached XP level 5. HP: 35/40 MP: 5/5
  2606 | D:3      | Noticed Terence
  2617 | D:3      | Slain by Terence

Levels and vault maps discovered:
D:1:      eino_arrival_druids_welcome, layout_basic
D:2:      layout_rooms, first_ration, minmay_puff, uniq_jessica
D:3:      layout_basic, ebering_ghost_rock_garden, roderic_lattice_a,
          serial_park_tiny_pond, uniq_terence
